 Dungeon Crawl Stone Soup version 0.31.0-11-ge490571c62 (webtiles) character file.

Game seed: 15043604991482625351

277 ezpacito the Chopper (level 6, -4/72 HPs)
             Began as a Demonspawn Berserker on Jan 30, 2024.
             Was a Believer of Trog.
             Slain by a two-headed ogre
             ... wielding a +0 giant spiked club
              (27 damage)
             ... on level 5 of the Dungeon.
             The game lasted 00:05:36 (3411 turns).

ezpacito the Chopper (Demonspawn Berserker)         Turns: 3411, Time: 00:05:37

Health: -4/72      AC: 12    Str: 18    XL:     6   Next: 4%
Magic:  6/6        EV:  7    Int:  7    God:    Trog [**....]
Gold:   285        SH:  0    Dex: 14    Spells: 5/5 levels left

rFire   . . .        a - +0 hand axe
rCold   . . .        (no shield)
rNeg    . . .        B - +0 plate armour
rPois   .            (no helmet)
rElec   .            q - +0 cloak
rCorr   .            (no gloves)
SInv    .            (no boots)
Will    .....        (no amulet) Stlth
                     (no ring)
HPRegen 1.32/turn    (no ring)
MPRegen 0.10/turn

%: no passive effects
@: berserking, very quick
A: claws 2, powered by death 1, sturdy frame 1, demonic magic 1
a: Renounce Religion, Berserk, Trog's Hand


You were on level 5 of the Dungeon.
You worshipped Trog.
Trog was pleased with you.
You visited 1 branch of the dungeon, and saw 5 of its levels.

You collected 285 gold pieces.

Inventory:

Hand Weapons
 a - a +0 hand axe (weapon)
 f - a +1 dagger of venom
 p - a +3 quarterstaff of chaos
 z - a +0 sling
 C - a +0 dagger of freezing
Missiles
 c - 14 poisoned darts (quivered)
 h - 46 stones
 i - a throwing net
Armour
 q - a +0 cloak (worn)
 B - a +0 plate armour (worn)
Jewellery
 o - a ring of fire
Talismans
 y - a serpent talisman
Wands
 F - a wand of charming (7)
Scrolls
 d - a scroll of vulnerability
 g - a scroll of noise {unknown}
 m - a scroll of blinking {unknown}
 n - 2 scrolls of immolation
 s - a scroll of fear {unknown}
 t - a scroll of teleportation {unknown}
 u - a scroll of butterflies {unknown}
 x - a scroll of fog {unknown}
Potions
 b - a potion of might {unknown}
 e - a potion of brilliance {unknown}
 j - 2 potions of lignification
 k - 2 potions of cancellation {unknown}
 l - a potion of attraction {unknown}
 r - a potion of haste {unknown}
 v - a potion of mutation {unknown}
 w - 2 potions of magic
 A - a potion of heal wounds {unknown}
 D - a potion of degeneration {unknown}
 E - a potion of curing {unknown}


   Skills:
 * Level 3.7 Fighting
 * Level 0.6 Short Blades
 * Level 4.4 Axes
 * Level 0.5 Ranged Weapons
 * Level 2.5 Armour
 + Level 2.1 Dodging
 * Level 1.3 Stealth
 * Level 1.7 Unarmed Combat


You had 5 spell levels left.
You didn't know any spells.
Your spell library was empty.

Dungeon Overview and Level Annotations

Branches:
Dungeon (5/15)
 Temple: D:4-7

Altars:
Dithmenos

Shops:
D:3 (


Innate Abilities, Weirdness & Mutations

You have very sharp fingernails.
You regenerate a little health from kills.
Your movements are slightly less encumbered by armour. (ER -2)
Spells you cast may paralyse adjacent enemies.


Message History

The two-headed ogre is moderately wounded.
You barely miss the iguana. You hit the orc priest.
The orc priest hits you but does no damage.
The iguana barely misses you. The two-headed ogre barely misses you.
The two-headed ogre hits you with a +0 giant spiked club!
You hit the two-headed ogre.
The two-headed ogre is moderately wounded.
You hit the iguana but do no damage. You hit the orc priest.
You slash the orc priest!
The iguana bites you but does no damage.
The orc priest barely misses you. x2
You hit the orc priest.
You kill the orc priest!
Trog accepts your kill.
You hit the two-headed ogre. You closely miss the orc.
You barely miss the iguana. You hit the orc priest.
The orc hits you but does no damage. The two-headed ogre barely misses you.
The two-headed ogre hits you with a +0 giant spiked club!
The iguana bites you but does no damage.
You have reached level 6!
Your demonic ancestry asserts itself...
A menacing aura infuses your magic.
You are too injured to fight recklessly!
You are too injured to fight recklessly!
You barely miss the two-headed ogre.
The two-headed ogre is moderately wounded.
You barely miss the orc priest. You hit the iguana. You slash the orc!
You kill the orc!
Trog accepts your kill.
You slash the orc!
You kill the orc!
Trog accepts your kill.
You slash the two-headed ogre! Your claw misses the two-headed ogre.
The two-headed ogre is heavily wounded.
You hit the hound. You barely miss the orc priest. You barely miss the iguana.
The iguana bites you.
The orc priest hits you with a +0 short sword.
The hound bites you but does no damage.
The two-headed ogre hits you with a +0 giant spiked club!!
You die...

#######
#.o@O.#
......lh)..#
............#
............#
.........$..#
.?..........#
............#
...........##


You could see a two-headed ogre, an iguana, a hound and an orc priest.

Vanquished Creatures
  2 orc priests
  Crazy Yiuf (D:2)
  A sleepcap (D:4)
  An iguana (D:4)
  3 gnolls (D:4)
  2 adders
  4 dart slugs
  14 orcs
  4 endoplasms
  A giant cockroach (D:2)
  4 hobgoblins
  3 jackals (D:2)
  7 kobolds
  3 quokkas
  4 ball pythons
  3 bats
  3 frilled lizards
  7 goblins
  7 rats
74 creatures vanquished.

Notes
Turn   | Place    | Note
-------+----------+-------------------------------------------
     0 | D:1      | ezpacito the Demonspawn Berserker began the quest for the
                  | Orb.
     0 | D:1      | Reached XP level 1. HP: 18/18 MP: 1/1
   222 | D:1      | Gained mutation: Your movements are slightly less
                  | encumbered by armour. (ER -2) [demonic ancestry]
   222 | D:1      | Reached XP level 2. HP: 24/24 MP: 2/2
   263 | D:1      | Reached skill level 3 in Axes
  1082 | D:2      | Gained mutation: You have sharp fingernails. [demonic
                  | ancestry]
  1082 | D:2      | Reached XP level 3. HP: 22/29 MP: 3/3
  1085 | D:2      | Reached ** piety under Trog
  1513 | D:2      | Found a runed translucent door.
  1514 | D:2      | Noticed Crazy Yiuf
  1616 | D:2      | Reached skill level 1 in Unarmed Combat
  1702 | D:2      | Killed Crazy Yiuf
  1703 | D:2      | Gained mutation: You have very sharp fingernails. [demonic
                  | ancestry]
  1703 | D:2      | Reached XP level 4. HP: 35/35 MP: 4/4
  1889 | D:3      | Reached skill level 1 in Stealth
  2229 | D:3      | Found Qouxaniv's Antique Weapon Boutique.
  2418 | D:4      | Gained mutation: You regenerate a little health from kills.
                  | [demonic ancestry]
  2418 | D:4      | Reached XP level 5. HP: 25/41 MP: 5/5
  2422 | D:4      | Reached skill level 4 in Axes
  2651 | D:4      | Found a shadowy altar of Dithmenos.
  3404 | D:5      | Entered Level 5 of the Dungeon
  3404 | D:5      | Noticed a two-headed ogre
  3410 | D:5      | Gained mutation: Spells you cast may paralyse adjacent
                  | enemies. [demonic ancestry]
  3410 | D:5      | Reached XP level 6. HP: 27/48 MP: 6/6
  3411 | D:5      | Slain by a two-headed ogre

Illustrated notes

Levels and vault maps discovered:
D:1:      kilobyte_arrival_exit_the_forest, layout_basic
D:2:      layout_rooms, chequers_jeans, uniq_crazy_yiuf_cottage
D:3:      layout_basic, serial_shops, nicolae_shop_statue_plus, minivault_5
D:4:      layout_basic, mainiacjoe_overflow_chevrons,
          nicolae_dithmenos_through_a_glass_darkly, kennysheep_crisscross
D:5:      layout_rooms, grunt_gozag_statues, serial_shops,
          nicolae_shop_window_shopping, serial_park_tiny_2,
          lightli_corner_chamber

Skill      XL: |  1  2  3  4  5 |
---------------+----------------+-----
Axes           | 3 4 |  4.4
Armour         | 2 |  2.5
Unarmed Combat | 1 |  1.7
Dodging        | 2 |  2.1
Stealth        | 1 |  1.3
Fighting       | |  3.7
Short Blades   | |  0.6
Ranged Weapons | |  0.5

Action                     |  1- 3 |  4- 6 || total
---------------------------+-------+-------++-------
  Melee: Hand axe          |    98 |    84 ||   182
         Punch             |     2 |       ||     2
 Invoke: Berserk           |     2 |     3 ||     5
    Use: Scroll            |       |     4 ||     4
   Stab: Sleeping          |       |     1 ||     1
 Armour: Animal skin       |    13 |       ||    13
         Ring mail         |    59 |    27 ||    86
         Plate armour      |       |    50 ||    50
  Dodge: Dodged            |    90 |    38 ||   128
